Get step-by-step instructions on how to execute this build order below. Start the game timer, and the build order will tick by so you can play in parallel with StarCraft on a second screen or mobile device.

Game Time

  0:00

Last Step

  N/A

Next Step

  12  0:00  Probe (Chrono Boost)  

Upcoming Step

  13  0:11  Probe (Chrono Boost)  

Don't want to look back and forth between 2 screens? Try out our Overwolf App, the Spawning Tool Build Advisor to get an in-game overlay with this build!

Complete Build Order

  12  0:00  Probe (Chrono Boost)  
  13  0:11  Probe (Chrono Boost)  
  14  0:17  Pylon  
  14  0:22  Probe (Chrono Boost)  
  15  0:35  Probe (Chrono Boost)  
  16  0:46  Probe (Chrono Boost)  
  17  0:56  Probe (Chrono Boost)  
  18  1:02  Nexus  
  18  1:13  Gateway  
  18  1:15  Probe (Chrono Boost)  
  19  1:24  Assimilator  
  19  1:26  Probe (Chrono Boost)  
  20  1:33  Assimilator  
  20  1:37  Probe (Chrono Boost)  
  21  1:41  Gateway  
  21  1:47  Probe (Chrono Boost)  
  21  1:50  Pylon  
  22  1:58  Probe (Chrono Boost)  
  23  2:03  Cybernetics Core  
  23  2:08  Probe (Chrono Boost)  
  23  2:14  Probe (Chrono Boost)  
  25  2:19  Probe (Chrono Boost)  
  26  2:25  Probe (Chrono Boost)  
  28  2:30  Probe (Chrono Boost)  
  28  2:36  Probe (Chrono Boost)  
  29  2:39  Adept x2  
  29  2:40  Warp Gate, Probe (Chrono Boost)  
  34  2:46  Probe (Chrono Boost)  
  34  2:51  Probe (Chrono Boost)  
  36  2:54  Stargate  
  36  2:57  Probe (Chrono Boost)  
  37  3:01  Probe (Chrono Boost)  
  38  3:07  Probe (Chrono Boost)  
  38  3:10  Pylon  
  38  3:12  Probe (Chrono Boost)  
  40  3:18  Zealot, Adept, Mothership Core (Chrono Boost)  
  46  3:23  Pylon  
  46  3:28  Probe (Chrono Boost)  
  47  3:35  Probe (Chrono Boost)  
  47  3:38  Phoenix (Chrono Boost)  
  50  3:48  Probe  
  50  3:49  Probe, Nexus  
  50  3:54  Pylon  
  52  4:00  Phoenix (Chrono Boost)  
  54  4:10  Probe  
  54  4:12  Probe  
  54  4:14  Gateway  
  54  4:16  Forge  
  56  4:18  Assimilator  
  56  4:19  Assimilator  
  56  4:20  Probe  
  56  4:24  Probe  
  58  4:25  Phoenix (Chrono Boost)  
  60  4:31  Probe  
  60  4:36  Probe  
  60  4:37  Robotics Facility  
  62  4:48  Robotics Facility  
  62  4:50  Pylon  
  62  4:56  Pylon  
  62  4:59  Probe  
  62  5:00  Probe  
  62  5:01  Probe  
  62  5:02  Phoenix (Chrono Boost)  
  62  5:06  Pylon  
  67  5:07  Pylon  
  67  5:10  Probe  
  67  5:11  Probe  
  67  5:13  Probe  
  70  5:16  Protoss Ground Weapons Level 1  
  70  5:21  Probe  
  70  5:22  Probe  
  70  5:23  Photon Cannon  
  70  5:25  Immortal (Chrono Boost)  
  76  5:29  Phoenix (Chrono Boost)  
  76  5:32  Probe x2  
  80  5:38  Immortal (Chrono Boost)  
  84  5:44  Photon Cannon  
  84  5:47  Sentry  
  84  5:48  Zealot  
  88  5:52  Photon Cannon  
  88  5:55  Probe  
  88  5:56  Probe x2  
  91  6:05  Immortal  
  91  6:06  Sentry  
  91  6:09  Photon Cannon  
  91  6:10  Photon Cannon  
  97  6:13  Pylon  
  97  6:14  Immortal  
  97  6:23  Sentry  
  103  6:29  Photon Cannon  
  103  6:31  Zealot x2  
  103  6:47  Immortal  
  95  6:49  Zealot, Mothership Core  
  95  6:50  Zealot  
  103  6:58  Immortal  
  103  7:01  Zealot  
  101  7:07  Zealot  
  91  7:11  Zealot  
  91  7:14  Probe x3  
  83  7:28  Zealot x2  
  83  7:31  Immortal  
  83  7:33  Immortal  
  83  7:36  Probe x3  
  82  7:41  Phoenix  
  82  7:44  Zealot  
  82  7:47  Zealot  
  82  7:48  Probe x2  
  82  7:50  Probe  
  83  7:59  Twilight Council  
  83  8:00  Probe x2  
  83  8:02  Pylon  
  83  8:05  Assimilator  
  85  8:07  Pylon  
  85  8:15  Immortal  
  90  8:20  Probe x2, Immortal  
  90  8:21  Mothership Core  
  90  8:26  Sentry x2  
  101  8:30  Pylon  
  101  8:32  Pylon  
  101  8:41  Photon Cannon  
  101  8:43  Pylon  
  101  8:48  Probe x2  
  103  8:52  Photon Cannon  
  103  8:53  Pylon, Sentry  
  103  8:54  Zealot x2  
  109  8:57  Probe  
  109  9:00  Probe  
  111  9:02  Observer  
  111  9:03  Immortal  
  116  9:13  Probe, Phoenix  
  119  9:23  Zealot x3  
  107  9:43  Zealot x3  
  107  9:44  Immortal x2  
  105  10:01  Zealot  
  105  10:03  Zealot  
  105  10:04  Zealot  
  107  10:18  Immortal  
  103  10:23  Charge  
  103  10:26  Gateway x2  
  107  10:34  Zealot  
  93  10:40  Probe x2  
  93  10:41  Probe  
  73  10:48  Immortal  
  69  10:52  Immortal  
  69  10:53  Zealot x2  
  70  10:59  Gateway  
  70  11:00  Phoenix  
  75  11:08  Gateway  
  75  11:10  Pylon  
  74  11:11  Pylon  
  74  11:12  Pylon  
  74  11:16  Pylon  
  74  11:23  Templar Archives  
  74  11:25  Pylon x2  
  74  11:26  Pylon  
  74  11:29  Phoenix  
  76  11:33  Sentry x2  
  80  11:48  Templar Archives  
  80  12:00  High Templar x3  
  80  12:01  High Templar  
  88  12:02  Zealot  
  88  12:04  Archon  
  88  12:05  Archon  
  90  12:22  High Templar  
  92  12:23  High Templar  
  92  12:27  Archon  
  94  12:31  Zealot  
  94  12:32  Zealot x2  
  94  12:33  Zealot